 Dungeon Crawl Stone Soup version 0.30.1-4-g462c640d31 (webtiles) character file.

Game seed: 12138456795629280787

2 Logoto the Firebug (level 1, 0/14 HPs)
             Began as a Hill Orc Fire Elementalist on Aug 24, 2023.
             Slain by a jackal (3 damage)
             ... on level 1 of the Dungeon on Aug 25, 2023.
             The game lasted 00:01:01 (155 turns).

Logoto the Firebug (Hill Orc Fire Elementalist)      Turns: 155, Time: 00:01:02

Health: 0/14       AC:  2    Str: 10    XL:     1   Next: 40%
Magic:  2/3        EV: 12    Int: 15    God:
Gold:   9          SH:  0    Dex: 11    Spells: 2/3 levels left

rFire   . . .        e - +0 club
rCold   . . .        (no shield)
rNeg    . . .        a - +0 robe
rPois   .            (no helmet)
rElec   .            (no cloak)
rCorr   .            (no gloves)
SInv    .            (no boots)
Will    .....        (no amulet)
Stlth   ++           (no ring)
HPRegen 0.22/turn    (no ring)
MPRegen 0.08/turn

%: no passive effects
@: no status effects
A: no striking features
a: no special abilities


You were on level 1 of the Dungeon.
You visited 1 branch of the dungeon, and saw 1 of its levels.

You collected 9 gold pieces.

Inventory:

Hand Weapons
 e - a +0 club (weapon)
Armour
 a - a +0 robe (worn)
Scrolls
 c - a scroll of fog {unknown}
 d - a scroll of identify {unknown}
Potions
 b - a potion of magic


   Skills:
 + Level 1.5 Dodging
 + Level 1.5 Stealth
 + Level 1.5 Spellcasting
 + Level 1.0 Conjurations
 + Level 3.4 Fire Magic


You had 2 spell levels left.
You knew the following spells:

 Your Spells              Type           Power      Damage    Failure   Level
a - Foxfire               Conj/Fire      28%        2x1d5     10%         1

Your spell library contained the following spells:

 Spells                   Type           Power      Damage    Failure   Level
 Scorch                   Fire           22%        2d5       9%          2
 Inner Flame              Hex/Fire       6%         N/A       34%         3
 Volatile Blastmotes      Fire/Tloc      12%        2d11      34%         3
 Flame Wave               Conj/Fire      7%         2d5       67%         4


Dungeon Overview and Level Annotations

Branches:
Dungeon (1/15)

Altars:


Message History

An endoplasm comes into view.
The foxfire hits the jackal.
The jackal is heavily wounded.
You see here a +0 dagger.
You miscast Foxfire.
You are very lightly contaminated with residual magic.
Nothing appears to happen.
You conjure some foxfire!
The foxfire hits the jackal.
You kill the jackal!
Your foxfire dissipates!
The jackal attacks as you move away! The jackal bites you.
You closely miss the jackal. The jackal bites you.
The jackal bites you but does no damage.
You barely miss the jackal. The jackal bites you. x2
You barely miss the jackal. The jackal bites you. x2
The jackal barely misses you.
The jackal bites you but does no damage.
You hit the jackal but do no damage.
The jackal bites you but does no damage.
The jackal bites you.
Your magical contamination has completely faded away.
The jackal bites you.
* * * LOW HITPOINT WARNING * * *
The jackal attacks as you move away! The jackal barely misses you.
The jackal attacks as you move away! The jackal misses you.
The jackal barely misses you.
The jackal bites you but does no damage.
The jackal attacks as you move away! The jackal closely misses you. x2
Things that are here:
a +0 club; a goblin corpse
e - a +0 club The jackal bites you.
e - a +0 club (weapon)
The jackal bites you.
* * * LOW HITPOINT WARNING * * *
The jackal misses you.
You closely miss the jackal. The jackal bites you.
* * * LOW HITPOINT WARNING * * *
The jackal bites you.
You die...

#.# ###.#..#
..##...#J.# ..#.#.#..#
#.#.#.h..# #######
#.#.#....# #.+...#
###..J#....#
#.#...###....†####.#
#.##...##.#..hh....#
#..'...'..#.##@##..#
##.######.#........#
#..# ..#####....#
#.#############.##....
#.#.......#...#.####..
#.# #####...#.#.# ##
#.# #P....#.#.#.# #.#
###.###.#.#.# #.#
#.#.#...#


You could see an endoplasm and 2 jackals.

Vanquished Creatures
  A jackal (D:1)
  A ball python (D:1)
  A goblin (D:1)
3 creatures vanquished.

Vanquished Creatures (others)
  3 foxfires (D:1)
3 creatures vanquished.

Grand Total: 6 creatures vanquished

Notes
Turn   | Place    | Note
-------+----------+-------------------------------------------
     0 | D:1      | Logoto the Hill Orc Fire Elementalist began the quest for
                  | the Orb.
     0 | D:1      | Reached XP level 1. HP: 14/14 MP: 3/3
   155 | D:1      | Slain by a jackal

Illustrated notes

Levels and vault maps discovered:
D:1:      onia_arrival_mini_maze, layout_basic, serial_shops,
          nicolae_diamond_shop, shapermc_ecumenical_altar_pompeii,
          kennysheep_nondescript, minmay_tetromino_o2

Action                     || total
---------------------------++-------
  Melee: Unarmed           ||     7
         Club              ||     1
   Cast: Foxfire           ||     3
 Armour: Robe              ||     4
  Dodge: Dodged            ||     9
